 Dungeon Crawl Stone Soup version 0.27.1-34-g3ba077fa99 (webtiles) character file.

Game seed: 2355253775754089499

3 Descartes the Grasshopper (level 1, 0/16 HPs)
             Began as a Formicid Warper on Jan 15, 2022.
             Frozen to death by an endoplasm (4 damage)
             ... on level 1 of the Dungeon.
             The game lasted 00:01:10 (277 turns).

Descartes the Grasshopper (Formicid Warper)          Turns: 277, Time: 00:01:10

Health: 0/16       AC:  5    Str: 15    XL:     1   Next: 55%
Magic:  3/3        EV: 10    Int: 12    God:
Gold:   17         SH:  0    Dex: 10    Spells: 4/4 levels left

rFire    . . .     SeeInvis +   f - +0 morningstar
rCold    . . .     Faith    .   (no shield)
rNeg     . . .     Spirit   .   e - +0 ring mail
rPois    .         Reflect  .   (helmet unavailable)
rElec    .         Harm     .   (no cloak)
rCorr    .         Rampage  .   (no gloves)
Will     .....                  (no boots)
Stlth    ..........             (no amulet)
HPRegen  0.05/turn              (no ring)
MPRegen  0.08/turn              (no ring)

@: no status effects
A: permanent stasis, dig shafts and tunnels, antennae 3, four strong arms
a: Dig, Shaft Self


You were on level 1 of the Dungeon.
You visited 1 branch of the dungeon, and saw 1 of its levels.

You collected 17 gold pieces.

Inventory:

Hand Weapons
 a - a +0 mace
 f - a +0 morningstar (weapon)
Missiles
 c - 5 boomerangs of dispersal (quivered)
 g - 18 stones
Armour
 b - a +0 leather armour
 e - a +0 ring mail (worn)
Potions
 d - a potion of curing {unknown}


   Skills:
 - Level 2.1 Fighting
 - Level 2.0 Maces & Flails
 - Level 1.0 Throwing
 + Level 1.4 Armour
 - Level 1.7 Dodging
 - Level 2.1 Spellcasting
 + Level 2.8 Translocations


You had 4 spell levels left.
You didn't know any spells.
Your spell library contained the following spells:

 Spells                   Type           Power      Damage    Failure   Level
 Gell's Gravitas          Tloc           4%         N/A       43%         3
 Lesser Beckoning         Tloc           4%         N/A       43%         3
 Teleport Other           Tloc           8%         N/A       43%         3
 Manifold Assault         Tloc           8%         N/A       99%         5
 Blink                    Tloc           Unusable   N/A       N/A         2

Dungeon Overview and Level Annotations

Branches:
Dungeon (1/15)

Altars:


Innate Abilities, Weirdness & Mutations

You cannot be hasted, slowed, berserked, paralysed or teleported.
You can dig through walls and to a lower floor.
You have a pair of large antennae on your head. (SInv)
Your four strong arms can wield two-handed weapons with a shield.


Message History

You are too injured to fight recklessly!
You are too injured to fight recklessly!
You are too injured to fight recklessly!
You are too injured to fight recklessly!
You are too injured to fight recklessly!
You are too injured to fight recklessly!
You are too injured to fight recklessly!
You are too injured to fight recklessly!
You are too injured to fight recklessly!
You are too injured to fight recklessly!
You barely miss the endoplasm. The endoplasm completely misses you.
You barely miss the endoplasm. The endoplasm closely misses you.
The endoplasm freezes you.
You are frozen.
Unknown command.
You barely miss the endoplasm. The endoplasm hits you.
* * * LOW HITPOINT WARNING * * *
You hit the endoplasm but do no damage. The endoplasm freezes you.
You are frozen.
* * * LOW HITPOINT WARNING * * *
The endoplasm hits you but does no damage.
The endoplasm jiggles.
Found a scroll labelled GEYCONLOENE.
There is a staircase leading out of the dungeon here.
An endoplasm comes into view.
The endoplasm quivers.
The endoplasm freezes you.
You are frozen.
* * * LOW HITPOINT WARNING * * *
You extend your mandibles.
You dig through the rock wall.
You dig through the rock wall.
You dig through the rock wall.
You dig through the rock wall.
You dig through the rock wall.
You dig through the rock wall.
The endoplasm freezes you.
You are frozen.
You die...

########
#########..#.#J##
#.....J...#{#.#@#
#.#######.#######
#.#.. #.# ##.#.#
#.# ..J#.# #.#
#..#.# #.# #..#.#
#.# #..#.# #.#
#..#.###.#.#


You could see an endoplasm.

Vanquished Creatures
  A goblin (D:1)
  A kobold (D:1)
  A frilled lizard (D:1)
3 creatures vanquished.

Notes
Turn   | Place    | Note
-------+----------+-------------------------------------------
     0 | D:1      | Descartes the Formicid Warper began the quest for the Orb.
     0 | D:1      | Reached XP level 1. HP: 16/16 MP: 3/3
   277 | D:1      | Frozen to death by an endoplasm

Illustrated notes

Levels and vault maps discovered:
D:1:      eino_arrival_water_cross, layout_basic, basic_ecumenical_altar

Action                   || total
-------------------------++-------
Melee: Mace              ||    11
       Morningstar       ||     5
 Abil: Dig               ||     1
Armor: Ring mail         ||     3
Dodge: Dodged            ||     9
